 Dungeon Crawl Stone Soup version 0.21.1-1-g345015f (webtiles) character file.

553 homeworkjunkie the Chopper (level 7, -9/61 HPs)
             Began as a Hill Orc Fighter on Mar 15, 2018.
             Mangled by warwik96's ghost (13 damage)
             ... on level 4 of the Dungeon.
             The game lasted 00:09:58 (4004 turns).

homeworkjunkie the Chopper (Hill Orc Fighter)       Turns: 4004, Time: 00:09:58

Health: -9/61      AC: 11    Str: 20    XL:     7   Next: 29%
Magic:  7/7        EV:  8    Int:  8    God:
Gold:   185        SH: 10    Dex: 11    Spells: 6/6 levels left

rFire    + . .     SeeInvis .   d - +0 hand axe (elec)
rCold    . . .     Gourm    .   c - +0 shield
rNeg     . . .     Faith    .   b - +0 scale mail
rPois    .         Spirit   .   (no helmet)
rElec    .         Reflect  .   l - +2 cloak
rCorr    .         Harm     .   (no gloves)
MR       .....                  (no boots)
Stlth    ..........             (no amulet)
HPRegen  0.20/turn              j - ring of protection from fire
MPRegen  0.10/turn              o - +1 ring of protection

@: no status effects
A: no striking features
a: no special abilities


You were on level 4 of the Dungeon.
You were not hungry.

You visited 1 branch of the dungeon, and saw 5 of its levels.

You collected 185 gold pieces.

Inventory:

Hand Weapons
 d - a +0 hand axe of electrocution (weapon)
Armour
 b - a +0 scale mail (worn)
 c - a +0 shield (worn)
 l - a +2 cloak (worn)
Jewellery
 j - a ring of protection from fire (left hand)
 o - a +1 ring of protection (right hand)
Scrolls
 a - 3 scrolls of teleportation
 e - a scroll of immolation
 p - a scroll of remove curse
Potions
 f - a potion of heal wounds
 h - a potion of brilliance
 i - a potion of lignification {unknown}
 k - a potion of cancellation {unknown}
 n - a potion of haste {unknown}
Comestibles
 g - 6 rations


   Skills:
 * Level 5.0 Fighting
 * Level 6.0 Axes
 * Level 4.8 Armour
 + Level 1.0 Dodging
 + Level 0.1 Stealth
 * Level 5.5 Shields


You had 6 spell levels left.
You didn't know any spells.

Dungeon Overview and Level Annotations

Branches:
Dungeon (5/15)
 Temple: D:4-7

Altars:
Cheibriados
Sif Muna

Annotations:
D:4 warwik96's ghost, novice TrMo


Message History

* * * LOW HITPOINT WARNING * * *
You are too injured to fight recklessly!
You are too injured to fight recklessly!
You are too injured to fight recklessly!
You are too injured to fight recklessly!
You are too injured to fight recklessly!
You closely miss warwik96's ghost.
Warwik96's ghost is almost destroyed.
Warwik96's ghost hits you!
* * * LOW HITPOINT WARNING * * *
You barely miss warwik96's ghost.
Warwik96's ghost is almost destroyed.
Warwik96's ghost closely misses you.
You closely miss warwik96's ghost.
Warwik96's ghost is almost destroyed.
You block warwik96's ghost's attack.
You closely miss warwik96's ghost.
Warwik96's ghost is almost destroyed.
Warwik96's ghost hits you!
You die...

.# ...# #....... .##...#
#........ .##...#
##.###### ......# ##'##
...... ##...## ###.####
##.....## #.##.##
##.......##
###.#...####.........###
...........+...$@W...'..
###.#...####.........###
#.##..............##
#.##.#####.#.....#...
#.##.# #.##...## ##
#....# #.###'## ####.#
#.# #.# #.# #.# #.. #..
..# #


You could see warwik96's ghost.

Vanquished Creatures
  A howler monkey (D:5)
  2 orc wizards
  A hound (D:3)
  3 orc priests (D:3)
  2 worker ants (D:4)
  4 gnolls (D:3)
  14 adders
  2 adder skeletons (D:4)
  3 worms
  3 leopard geckos
  13 orcs
  3 giant cockroaches
  8 goblins
  9 hobgoblins
  4 jackals (D:2)
  A quokka (D:3)
  16 bats
  8 frilled lizards
  A jackal skeleton (D:4)
  5 kobolds
  7 rats
110 creatures vanquished.

Notes
Turn   | Place    | Note
-------+----------+-------------------------------------------
     0 | D:1      | homeworkjunkie the Hill Orc Fighter began the quest for the Orb.
     0 | D:1      | Reached XP level 1. HP: 19/19 MP: 1/1
   208 | D:2      | Reached XP level 2. HP: 26/27 MP: 2/2
   344 | D:2      | Reached skill level 3 in Axes
   344 | D:2      | Reached XP level 3. HP: 28/33 MP: 3/3
   622 | D:2      | Reached XP level 4. HP: 37/40 MP: 4/4
   669 | D:5      | Entered Level 5 of the Dungeon
   701 | D:5      | Reached skill level 4 in Axes
   701 | D:5      | Reached XP level 5. HP: 11/47 MP: 5/5
  1293 | D:3      | Reached XP level 6. HP: 41/53 MP: 6/6
  1392 | D:3      | Reached skill level 5 in Axes
  1484 | D:3      | Found a snail-covered altar of Cheibriados.
  1518 | D:3      | Reached skill level 5 in Fighting
  1518 | D:3      | Reached skill level 5 in Shields
  1518 | D:3      | Reached XP level 7. HP: 4/61 MP: 7/7
  1841 | D:3      | Reached skill level 1 in Dodging
  2179 | D:3      | Reached skill level 6 in Axes
  2395 | D:2      | Found a deep blue altar of Sif Muna.
  3984 | D:4      | Noticed warwik96's ghost (novice TrMo)
  4004 | D:4      | Mangled by warwik96's ghost

Skill      XL: |  1  2  3  4  5  6  7 |
---------------+----------------------+-----
Fighting       | 4 5 |  5.0
Axes           | 3 4 5 6 |  6.0
Shields        | 4 5 |  5.5
Armour         | 4 |  4.8
Dodging        | 1 |  1.0
Stealth        | |  0.1

Action                   |  1- 3 |  4- 6 |  7- 9 || total
-------------------------+-------+-------+-------++-------
Melee: War axe           |   109 |    12 |       ||   121
       Hand axe          |       |   120 |   135 ||   255
  Use: Potion            |       |     4 |     1 ||     5
       Scroll            |       |     4 |     5 ||     9
  Eat: Ration            |       |     1 |     2 ||     3
Armor: Scale mail        |    68 |    65 |    61 ||   194
Dodge: Dodged            |    36 |    50 |    38 ||   124
Block: Shield            |    65 |    62 |    59 ||   186
